Construct Section Command Post
Selects Heavy Armor Battlegroup
Construct Platoon Command Post
Unlock M3 Stuart Light Tanks
Selects Rigorous Vehicle Training
Construct Field Infirmary
Selects Crusader AA Medium Tank
Selects Light Vehicle Withdraw and Refit
Selects Forward Repair Assembly
Construct Company Command Post
Light Vehicle Withdraw and Refit
Selects UNKNOWN (2162094)
Light Vehicle Withdraw and Refit
Light Vehicle Withdraw and Refit
Unlock M3 Grant Medium Tanks